 Dungeon Crawl Stone Soup version 0.29.1-1-gd02db69 (webtiles) character file.

Game seed: 4013080988594669751

8 Timinator the Insei (level 1, -2/16 HPs)
             Began as a Demigod Transmuter on Dec 19, 2022.
             Shot with a sling bullet by a hobgoblin (8 damage)
             ... on level 1 of the Dungeon.
             The game lasted 00:01:19 (144 turns).

Timinator the Insei (Demigod Transmuter)             Turns: 144, Time: 00:01:19

Health: -2/16      AC:  2    Str: 11    XL:     1   Next: 80%
Magic:  4/5        EV: 12    Int: 15    God:
Gold:   0          SH:  0    Dex: 14    Spells: 2/3 levels left

rFire   . . .      SeeInvis .     - Unarmed
rCold   . . .      Faith    .   (no shield)
rNeg    . . .      Spirit   .   a - +0 robe
rPois   .          Reflect  .   (helmet currently unavailable)
rElec   .          Harm     .   (no cloak)
rCorr   .          Rampage  .   (no gloves)
Will    .....                   (boots currently unavailable)
Stlth   +.........              (no amulet)
HPRegen 0.05/turn               (no ring)
MPRegen 0.09/turn               (no ring)

@: appendages
A: horns 2, talons 2, high MP 1, forlorn, divine attributes
a: End Transformation


You were on level 1 of the Dungeon.
You had temporarily grown beastly horns and talons.
You visited 1 branch of the dungeon, and saw 1 of its levels.

Inventory:

Armour
 a - a +0 robe (worn)
Scrolls
 c - a scroll of teleportation {unknown}
 d - a scroll of amnesia {unknown}
 f - a scroll of identify {unknown}
 g - 2 scrolls of vulnerability {unknown}
 h - a scroll of noise {unknown}
Potions
 b - a potion of lignification
 e - a potion of attraction {unknown}


   Skills:
 * Level 1.0 Fighting
 * Level 0.2 Armour
 * Level 1.9 Dodging
 + Level 2.8 Unarmed Combat
 + Level 1.8 Spellcasting
 * Level 1.9 Transmutations


You had 2 spell levels left.
You knew the following spells:

 Your Spells              Type           Power      Damage    Failure   Level
a - Beastly Appendage     Tmut           14%        N/A       11%         1

Your spell library contained the following spells:

 Spells                   Type           Power      Damage    Failure   Level
 Wereblood                Tmut           7%         N/A       16%         2
 Spider Form              Tmut/Pois      4%         N/A       41%         3
 Inner Flame              Hex/Fire       1%         N/A       56%         3
 Ice Form                 Ice/Tmut       4%         N/A       83%         4
 Cause Fear               Hex            0%         N/A       92%         4
 Discord                  Hex            0%         N/A       100%        8


Dungeon Overview and Level Annotations

Branches:
Dungeon (1/15)


Innate Abilities, Weirdness & Mutations

You have temporarily grown beastly horns and talons.
You have an increased reservoir of magic. (+10% MP)
You shall have no god before yourself.
Your divine heritage dramatically boosts your attributes as you level up.


Message History

The kobold throws a stone.
The stone misses you.
The rat moves out of view.
The kobold hits you with a +0 club.
You hit the kobold but do no damage. You claw the kobold.
You kill the kobold!
You hit the frilled lizard but do no damage.
Your kick misses the frilled lizard. You headbutt the frilled lizard.
You kill the frilled lizard!
A bat comes into view.
A hobgoblin comes into view. It is wielding a +0 sling.
The hobgoblin shouts!
You hit the kobold.
You kill the kobold!
You hit the rat but do no damage. You claw the rat.
The rat is heavily wounded.
The rat bites you.
You closely miss the rat. You claw the rat, but do no damage.
The rat is heavily wounded.
The bat barely misses you. The rat closely misses you.
You hit the rat but do no damage.
The rat is heavily wounded.
The rat bites you but does no damage. The bat barely misses you.
You hit the rat.
You kill the rat!
The bat barely misses you.
The hobgoblin shoots a sling bullet.
The sling bullet completely misses you.
A goblin comes into view. It is wielding a +0 dagger.
The goblin shouts!
You hit the bat.
You kill the bat!
Your horns disappear.
Your talons disappear.
The hobgoblin shoots a sling bullet.
The sling bullet hits you.
Casting: Beastly Appendage (safe; 11% risk of failure)
Confirm with . or Enter, or press ? or * to list all spells.
You grow a pair of large bovine horns.
Your feet morph into talons.
The hobgoblin shoots a sling bullet.
The sling bullet barely misses you.
The hobgoblin shoots a sling bullet.
The sling bullet misses you.
Items here: ( )) †.
The hobgoblin shoots a sling bullet.
The sling bullet hits you!
Ouch! That really hurt!
You die...

.... .... #... ....
#..###..###.
..g[....... #.
#...$..... #.###
##..g...###. ....
#........... ..#
#..)@....... #.#
#...=....... ##.#
#..###[.###.#.####.#.
#.......... #.....)..
#.######.#.######....
#.# ............. #.#
########.... #.#
##... #.# ##.#


You could see a hobgoblin and a goblin.

Vanquished Creatures
  A dart slug (D:1)
  A bat (D:1)
  A frilled lizard (D:1)
  A goblin (D:1)
  2 kobolds (D:1)
  2 rats (D:1)
8 creatures vanquished.

Notes
Turn   | Place    | Note
-------+----------+-------------------------------------------
     0 | D:1      | Timinator the Demigod Transmuter began the quest for the
                  | Orb.
     0 | D:1      | Reached XP level 1. HP: 15/15 MP: 5/5
     6 | D:1      | Noticed an iguana
     6 | D:1      | Noticed a servant of whispers
     7 | D:1      | Noticed a hell rat
     7 | D:1      | Noticed a yaktaur captain
   125 | D:1      | Reached skill level 1 in Fighting
   144 | D:1      | Shot with a sling bullet by a hobgoblin

Illustrated notes

Levels and vault maps discovered:
D:1:      onia_arrival_zoo_common, layout_loops_ring,
          hellmonk_ecumenical_altar_lost_god

Skill      XL: |  1 |
---------------+----+-----
Fighting       | 1 |  1.0
Armour         | |  0.2
Dodging        | |  1.9
Unarmed Combat | |  2.8
Spellcasting   | |  1.8
Transmutations | |  1.9

Action                   || total
-------------------------++-------
Melee: Unarmed           ||    12
       Kick              ||     6
       Headbutt          ||     2
 Cast: Beastly Appendage ||     4
Armor: Robe              ||     1
Dodge: Dodged            ||    10
